 Dungeon Crawl Stone Soup version 0.28-a0-1002-gf00fe891ef (webtiles) character file.

Game seed: 17505816172906242014

3752 vurker the Zephyrmancer (level 10, -8/60 HPs)
             Began as a Tengu Air Elementalist on Dec 6, 2021.
             Shot with an arrow by a centaur warrior (24 damage)
             ... on level 9 of the Dungeon.
             The game lasted 00:10:45 (10260 turns).

vurker the Zephyrmancer (Tengu Air Elementalist)   Turns: 10260, Time: 00:10:46

Health: -8/60      AC:  9    Str:  8    XL:     10   Next: 15%
Magic:  9/31       EV: 14    Int: 20    God:
Gold:   349        SH:  5    Dex: 15    Spells: 19/24 levels left

rFire   . . .      SeeInvis .   p - +4 dagger (drain)
rCold   . . .      Faith    .   h - +0 buckler
rNeg    + . .      Spirit   .   z - +1 robe {rN+}
rPois   .          Reflect  .   (helmet restricted)
rElec   .          Harm     .   n - +1 cloak
rCorr   .          Rampage  .   (no gloves)
Will    .....                   (boots unavailable)
Stlth   ++........              i - amulet of the acrobat
HPRegen 0.20/turn               q - ring of magical power
MPRegen 0.22/turn               a - +4 ring of protection

@: flying quickly and evasively, quick
A: beak, talons 3, nimble flight
a: no special abilities


You were on level 9 of the Dungeon.
You visited 2 branches of the dungeon, and saw 10 of its levels.

You collected 349 gold pieces.

Inventory:

Hand Weapons
 g - a +2 dagger of freezing
   (You took it off an orc wizard on level 3 of the Dungeon)
 o - the +8 mace of Zin's Approval {freeze, rN+ Will+ Int-2}
   (You found it on level 5 of the Dungeon)

   It freezes those it strikes, dealing additional cold damage.
   It can also slow down cold-blooded creatures.
   Int:       It affects your intelligence (-2).
   rN:        It protects you from negative energy.
   Will:      It increases your willpower.
 p - a +4 dagger of draining (weapon)
   (You took it off an orc priest on level 4 of the Dungeon)
Armour
 h - a +0 buckler (worn)
   (You found it on level 6 of the Dungeon)
 n - a +1 cloak (worn)
   (You found it on level 5 of the Dungeon)
 z - a +1 robe of positive energy (worn)
   (You took it off an orc wizard on level 5 of the Dungeon)
Jewellery
 a - a +4 ring of protection (right hand)
   (You took it off an orc wizard on level 8 of the Dungeon)
 c - a ring of ice
   (You found it on level 6 of the Dungeon)
 i - an amulet of the acrobat (around neck)
   (You found it on level 4 of the Dungeon)
 k - a ring of wizardry
   (You found it on level 4 of the Dungeon)
 l - a ring of positive energy
   (You found it on level 4 of the Dungeon)
 q - a ring of magical power (left hand)
   (You found it on level 4 of the Dungeon)
Wands
 d - a wand of iceblast (3)
   (You found it on level 4 of the Dungeon)
 t - a wand of flame (20)
   (You found it on level 6 of the Dungeon)
 x - a wand of acid (19)
   (You found it on level 4 of the Dungeon)
 y - a wand of charming (5)
   (You found it on level 7 of the Dungeon)
Scrolls
 b - a scroll of enchant armour
 u - a scroll of teleportation
 v - 2 scrolls of identify
Potions
 e - a potion of ambrosia
 f - 4 potions of curing
 j - 2 potions of magic
 m - 3 potions of heal wounds
 r - a potion of resistance
 s - 2 potions of lignification


   Skills:
 + Level 5.6 Fighting
 - Level 2.1 Dodging
 - Level 2.0 Stealth
 + Level 3.7 Shields
 * Level 7.9 Spellcasting
 - Level 5.0 Conjurations
 * Level 11.6 Air Magic


You had 19 spell levels left.
You knew the following spells:

 Your Spells              Type           Power      Damage    Failure   Level
a - Shock                 Conj/Air       100%       1d9       1%          1
c - Airstrike             Air            26%        N/A       1%          4

Your spell library contained the following spells:

 Spells                   Type           Power      Damage    Failure   Level
 Static Discharge         Conj/Air       41%        N/A       1%          2
 Swiftness                Air            53%        N/A       1%          3


Dungeon Overview and Level Annotations

Branches:
Dungeon (9/15)             Temple (1/1) D:4
   Lair: D:8-11         Orc: D:9-12

Altars:
Ashenzari
Cheibriados
Dithmenos
Elyvilon
Fedhas
Gozag
Hepliaklqana
Kikubaaqudgha
Makhleb
Okawaru
Qazlal
Ru
Sif Muna
Trog
Uskayaw
Wu Jian
Xom
Yredelemnul
Zin
The Shining One

Shops:
D:5 =   D:7 (

Annotations:
D:5 1 runed translucent door, Sapher's ghost, weakling OpDe
D:7 2 runed translucent doors


Innate Abilities, Weirdness & Mutations

You have a beak for a mouth.
You have claws for feet.
Your magical nature lets you fly swiftly and evasively.


Message History

Things that are here:
a +0 dagger; a +0 robe; an orc skeleton Done exploring.
Done exploring.
Done exploring.
Done exploring.
Things that are here:
a +0 dagger; a +0 robe; an orc skeleton
There is an escape hatch in the floor here.
There is a stone staircase leading down here.
You fly downwards.
Found a scroll of enchant armour and a trident.
There is a stone staircase leading up here.
You can't see any susceptible monsters within range! (Use Z to cast anyway.)
b - a scroll of enchant armour A troll comes into view.
Found 14 poisoned darts and 18 gold pieces.
Found a stone staircase leading down.
Aim: a troll (asleep, empty space bonus: 8/8)
The air twists around and strikes the troll!
The troll shouts!
A yak comes into view.
Aim: a troll (moderately wounded, empty space bonus: 8/8)
The air twists around and strikes the troll!!
The yak bellows!
A centaur warrior comes into view.
Aim: a troll (severely wounded, empty space bonus: 8/8)
The air twists around and strikes the troll!!
You kill the troll!
The centaur warrior shouts!
A water moccasin comes into view.
The centaur warrior wields a +0 shortbow.
The centaur warrior shoots an arrow.
The arrow hits you.
The water moccasin hisses angrily.
Aim: a yak (empty space bonus: 8/8)
The air twists around and strikes the yak!!
The centaur warrior shoots an arrow.
The arrow completely misses you.
The centaur warrior shoots an arrow.
You block the arrow.
Aim: a yak (heavily wounded, empty space bonus: 7/8)
The air twists around and strikes the yak!
The centaur warrior shoots an arrow.
The arrow hits you!!
The centaur warrior shoots an arrow.
The arrow completely misses you.
There is a stone staircase leading up here.
Aim: a yak (almost dead, empty space bonus: 6/8)
The air twists around and strikes the yak!
You kill the yak!
The centaur warrior shoots an arrow.
The arrow hits you!!
* * * LOW HITPOINT WARNING * * *
The centaur warrior shoots an arrow.
The arrow hits you!!
You die...

..c.... #.#
....... ##)###
....8.Y##....#
(.......c....#
..#.#####†...#
#....# #....#
#....# #...@#
###.## #..#
#.## #+


You could see a centaur warrior.

Vanquished Creatures
  Pikel (D:8)
  A troll (D:9)
  Grinder (D:6)
  A yak (D:9)
  Eustachio (D:5)
  3 water moccasins
  2 orc warriors
  A sky beast (D:7)
  2 black bears
  3 necrophages
  A lemure (D:8)
  A phantom (D:5)
  A wyvern zombie (D:7)
  4 scorpions
  A wyvern skeleton (D:7)
  3 howler monkeys (D:8)
  3 centaur zombies
  A bullfrog zombie (D:5)
  A hound (D:5)
  6 orc priests
  4 iguanas
  4 gnoll shamans
  A scorpion zombie (D:5)
  5 orc wizards
  Crazy Yiuf (D:5)
  16 gnolls
  4 adders
  2 white imps (D:7)
  3 ufetubi
  2 worms
  22 orcs
  2 bats
  9 endoplasms
  5 giant cockroaches
  6 hobgoblins
  6 jackals
  8 kobolds
  4 quokkas
  6 ball pythons
  3 frilled lizards
  5 goblins
  5 rats
161 creatures vanquished.

Notes
Turn   | Place    | Note
-------+----------+-------------------------------------------
     0 | D:1      | vurker the Tengu Air Elementalist began the quest for the
                  | Orb.
     0 | D:1      | Reached XP level 1. HP: 10/10 MP: 4/4
    46 | D:1      | Reached XP level 2. HP: 9/15 MP: 1/6
   524 | D:1      | Reached XP level 3. HP: 20/20 MP: 0/7
  1185 | D:2      | Found a faded altar of an unknown god.
  1280 | D:2      | Reached skill level 5 in Air Magic
  1518 | D:2      | Reached XP level 4. HP: 24/24 MP: 6/9
  1837 | D:3      | Reached skill level 1 in Fighting
  2351 | D:3      | Noticed a necrophage
  2367 | D:3      | Killed a necrophage
  2368 | D:3      | Gained mutation: Your magical nature lets you fly swiftly
                  | and evasively. [Tengu growth]
  2368 | D:3      | Reached XP level 5. HP: 24/29 MP: 5/11
  2785 | D:3      | Learned a level 4 spell: Airstrike
  2950 | D:4      | Found a staircase to the Ecumenical Temple.
  2983 | Temple   | Entered the Ecumenical Temple
  3369 | D:4      | Found an iron altar of Okawaru.
  3396 | D:4      | Reached skill level 6 in Air Magic
  3396 | D:4      | Reached XP level 6. HP: 22/35 MP: 2/12
  3962 | D:5      | Entered Level 5 of the Dungeon
  4155 | D:5      | Noticed an orc warrior
  4161 | D:4      | Killed an orc warrior
  4254 | D:5      | Reached XP level 7. HP: 40/40 MP: 14/14
  4454 | D:5      | Noticed Eustachio
  4457 | D:5      | Killed Eustachio
  4458 | D:5      | Reached skill level 7 in Air Magic
  4764 | D:5      | Reached XP level 8. HP: 46/46 MP: 14/16
  4916 | D:5      | Found a runed translucent door.
  4916 | D:5      | Noticed Sapher's ghost (weakling OpDe)
  4927 | D:5      | Reached skill level 5 in Spellcasting
  5058 | D:5      | Found Qiseydwypp's One-of-a-Kind Rings.
  5088 | D:5      | Reached skill level 8 in Air Magic
  5128 | D:5      | Found a runed translucent door.
  5129 | D:5      | Noticed Crazy Yiuf
  5397 | D:5      | Reached skill level 5 in Conjurations
  5684 | D:5      | Killed Crazy Yiuf
  5730 | D:5      | Identified the +8 mace of Zin's Approval {freeze, rN+ Will+
                  | Int-2}
  5973 | D:6      | Noticed Grinder
  5973 | D:6      | Paralysed by Grinder for 5 turns
  5981 | D:6      | Killed Grinder
  5982 | D:6      | Reached skill level 9 in Air Magic
  6337 | D:6      | Reached skill level 1 in Shields
  6527 | D:6      | Reached XP level 9. HP: 52/52 MP: 19/19
  6605 | D:6      | Found a hazy altar of Hepliaklqana.
  7447 | D:7      | Found a large runed translucent door.
  7448 | D:7      | Found a large runed translucent door.
  7469 | D:7      | Reached skill level 10 in Air Magic
  7914 | D:7      | Noticed a troll
  7914 | D:7      | Noticed a two-headed ogre
  8001 | D:7      | Found Fablev's Weapon Emporium.
  8840 | D:8      | Reached skill level 5 in Fighting
  9251 | D:8      | Noticed Pikel
  9264 | D:8      | Killed Pikel
  9265 | D:8      | Reached skill level 11 in Air Magic
  9942 | D:8      | Reached XP level 10. HP: 59/59 MP: 22/22
 10249 | D:9      | Noticed a centaur warrior
 10260 | D:9      | Shot with an arrow by a centaur warrior

Illustrated notes

Levels and vault maps discovered:
D:1:      dpeg_arrival_tiny_a, layout_rooms
D:2:      layout_loops_ring, ebering_ecumenical_altar_ruins
D:3:      layout_basic
D:4:      layout_basic, mainiacjoe_overflow_small_starburst,
          minmay_temple_entry_arrows
D:5:      layout_cave_pools, gammafunk_ghost_grave, nicolae_shop_unique_rings,
          uniq_eustachio, uniq_crazy_yiuf_cottage
D:6:      layout_cave_pods, mainiacjoe_overflow_concentric_impassable,
          uniq_grinder
D:7:      layout_cave_pods, jmf_multi_god_temple2, serial_shops, shop,
          lightli_corner_chamber
D:8:      layout_loops_corners, uniq_pikel
D:9:      layout_roguey, serial_corexii_hall, chequers_hall_statues_wall_a,
          corexii_hall_statues_s, st_stairs_1, nicolae_specific_store
Temple:   mainiacjoe_temple_coin_purse

Skill      XL: |  1  2  3  4  5  6  7  8  9 |
---------------+----------------------------+-----
Conjurations   | 2 3 4 5 |  5.0
Air Magic      | 5 6 7 9 11 | 11.6
Fighting       | 1 2 3 4 5 |  5.6
Spellcasting   | 3 4 6 7 |  7.9
Shields        | 1 3 |  3.7
Dodging        | |  2.1
Stealth        | |  2.0

Action                   |  1- 3 |  4- 6 |  7- 9 | 10-12 || total
-------------------------+-------+-------+-------+-------++-------
Melee: Unarmed           |     8 |       |       |       ||     8
       Kick              |     1 |       |       |       ||     1
       Peck              |     1 |       |       |       ||     1
       Short sword       |     2 |       |       |       ||     2
 Cast: Shock             |    76 |    89 |    21 |       ||   186
       Airstrike         |       |    10 |   129 |    10 ||   149
  Use: Scroll            |       |     8 |     5 |       ||    13
Armor: Robe              |     3 |     2 |       |       ||     5
Dodge: Dodged            |    11 |    11 |     7 |     2 ||    31
Block: Buckler           |       |       |     1 |     1 ||     2

Table legend: (Time is in decaauts)
 A = Elapsed time spent in this place.
 B = Non-inter-level travel time spent in this place.
 C = Inter-level travel time spent in this place.
 D = Time resting spent in this place.
 E = Time spent auto-exploring this place.
 F = Levels seen in this place.
 G = Mean time per level.
                   A        B        C        D        E       F      G
               +--------+--------+--------+--------+--------+-----+--------+
         Total |   9855 |   9472 |    383 |    441 |   8022 |  10 |  985.5 |
       Dungeon |   9749 |   9377 |    372 |    441 |   7941 |   9 | 1083.2 |
        Temple |    106 |     95 |     11 |      0 |     81 |   1 |  106.0 |
               +--------+--------+--------+--------+--------+-----+--------+

Top non-repeatable levels by time:
     D:5: 1626 daAuts
     D:8: 1613 daAuts
     D:6: 1286 daAuts
     D:7: 1230 daAuts
     D:4: 1203 daAuts
     D:2: 980 daAuts
     D:1: 944 daAuts
     D:3: 842 daAuts
  Temple: 106 daAuts
     D:9: 21 daAuts
